AoeStats
← Groblin Grealmer

Oasis

509786050Analyzed
2v2 RM · 5d ago on Sep 28, 2026· 42m 1s· 4 players
Game mode
Random Map
Map size
Medium (4 player)
Population
200
Speed
Normal
Resources
Standard
Victory
Conquest
Starting age
Dark Age
Ending age
Imperial Age
RankedLock teamsTeams togetherTeam positionsShared explorationLock speedFull tech treeHidden civsTurbo modeCheats
Victory
Defeat
🇺🇸 Varangians · United States
1097
+18
🇺🇸 Saxons · United States
1038
+20
🇳🇿 Byzantines · New Zealand
1184
-21
🇳🇿 Romans · New Zealand
1073
-17
Groblin Grealmer
8:01 Loom
10:00 Feudal Age
9:00 Loom
10:01 Man-at-Arms
10:42 Arson
11:51 Double-Bit Axe
19:56 Castle Age
18:58 Scale Barding Armor
19:23 Bloodlines
23:15 Forging
35:40 Scale Mail Armor
35:44 Horse Collar
37:43 Husbandry
39:21 Chain Barding Armor
42:16 Iron Casting
42:29 Bow Saw
goosblin
10:57 Feudal Age
12:17 Man-at-Arms
13:30 Double-Bit Axe
13:34 Loom
21:33 Castle Age
20:39 Scale Mail Armor
21:55 Arson
24:43 Chain Mail Armor
26:27 Squires
29:43 Horse Collar
31:14 Forging
jordan.armstrong
1:37 Loom
10:56 Feudal Age
11:37 Double-Bit Axe
11:53 Man-at-Arms
13:34 Horse Collar
25:04 Scale Mail Armor
26:44 Wheelbarrow
32:40 Castle Age
FinRahZel
0:47 Loom
11:54 Feudal Age
14:26 Forging
18:43 Scale Barding Armor
20:35 Double-Bit Axe
28:39 Castle Age
27:06 Fletching
27:16 Padded Archer Armor
27:47 Gold Mining
28:46 Crossbowman
29:25 Bodkin Arrow
29:45 Leather Archer Armor
30:37 Bow Saw
30:29 Horse Collar
32:45 Thumb Ring
35:06 Ballistics
Connection lost

Rejoining the realm…

Still unreachable

The connection could not be restored.

Session expired

The server has moved on; the page needs a fresh start.